 Dungeon Crawl Stone Soup version 0.26.1-11-gd32895ea62 (webtiles) character file.

Game seed: 6033445955245303322

46 Arcadio the Grasshopper (level 3, 0/31 HPs)
             Began as a Palentonga Warper on May 18, 2021.
             Killed from afar by Jessica (10 damage)
             ... with a puff of flame
             ... on level 2 of the Dungeon.
             The game lasted 00:02:52 (2154 turns).

Arcadio the Grasshopper (Palentonga Warper)         Turns: 2154, Time: 00:02:53

Health: 0/31       AC:  4    Str: 15    XL:     3   Next: 44%
Magic:  6/6        EV:  9    Int: 13    God:
Gold:   48         SH:  0    Dex:  9    Spells: 6/6 levels left

rFire    . . .     SeeInvis +   a - +0 short sword
rCold    . . .     Faith    .   (no shield)
rNeg     . . .     Spirit   .   b - +0 leather armour
rPois    .         Reflect  .   (no helmet)
rElec    .         Harm     .   (no cloak)
rCorr    .         Rampage  .   (no gloves)
Will     .....                  (no barding)
Stlth    +.........             (no amulet)
HPRegen  0.10/turn              (no ring)
MPRegen  0.10/turn              (no ring)

@: slowed, very slow
A: large, rugged brown scales 3, see invisible, deformed body, roll 1, armoured
tail
a: Rolling Charge


You were on level 2 of the Dungeon.
You visited 1 branch of the dungeon, and saw 2 of its levels.

You collected 48 gold pieces.

Inventory:

Hand Weapons
 a - a +0 short sword (weapon)
Missiles
 e - 5 boomerangs of dispersal
Armour
 b - a +0 leather armour (worn)
Jewellery
 f - a cursed ring of attention {unknown}
 j - an uncursed amulet of reflection {unknown}
Scrolls
 c - 3 scrolls of identify {unknown}
 d - a scroll of blinking
 h - a scroll of teleportation {unknown}
 i - a scroll of remove curse {unknown}
 k - a scroll of magic mapping {unknown}
Potions
 g - a potion of curing {unknown}
 l - a potion of attraction {unknown}


   Skills:
 - Level 2.0 Fighting
 + Level 2.5 Short Blades
 - Level 0.6 Throwing
 + Level 1.4 Armour
 + Level 2.0 Dodging
 - Level 2.0 Spellcasting
 + Level 3.4 Translocations


You had 6 spell levels left.
You didn't know any spells.
Your spell library contained the following spells:

 Spells                   Type           Power        Failure   Level
 Blink                    Tloc           N/A          12%         2
 Gell's Gravitas          Tloc           5%           22%         3
 Lesser Beckoning         Tloc           5%           22%         3
 Teleport Other           Tloc           10%          22%         3
 Passage of Golubria      Tloc           N/A          58%         4


Dungeon Overview and Level Annotations

Branches:
Dungeon (2/15)

Altars:
The Shining One

Annotations:
D:2 Jessica, Robin


Innate Abilities, Weirdness & Mutations

You are completely covered in rugged brown scales. (AC +3, +7% HP)
You have supernaturally acute eyesight. (SInv)
Armour fits poorly on your strangely shaped body.
You can roll at nearby foes to attack.
You have a long armoured tail.


Message History

Jessica shouts!
Jessica zaps a wand.
The puff of flame hits you.
A goblin comes into view. It is wielding a +0 dagger.
The goblin shouts!
Jessica points at you and mumbles some strange words.
Pain shoots through your body!
Robin of the Strong Arm comes into view.
They are wielding a +0 club.
Jessica mumbles some strange words.
Jessica seems to speed up.
Jessica points at you and mumbles some strange words.
You feel yourself slow down.
Jessica shouts, "Stop bothering me, or I'll kill you!"
Jessica hits you. Jessica closely misses you.
Items here: )) †††††.
Jessica points at you and mumbles some strange words.
You barely resist. Jessica casts a spell at you.
You feel as though you will be slow longer.
Jessica zaps a wand.
The puff of flame hits you!
You die...

###############
..............###
#####...##......# .#
#.#.##...[..#
.####.#.##......######..
.)......................
.##.....######.######...
###.......#.....@.#
........###.##.##.#
............##.##@#
.....##.######..#.#
..................#
......#....####.###
#####.####.####g##
#.......#.......#
#.##.##.#######.#


You could see Jessica (fast).

Vanquished Creatures
  A worm (D:2)
  A dart slug (D:1)
  A giant cockroach (D:2)
  8 goblins
  7 hobgoblins
  4 bats (D:1)
  3 frilled lizards
  8 kobolds
  6 rats
39 creatures vanquished.

Notes
Turn   | Place    | Note
-------+----------+-------------------------------------------
     0 | D:1      | Arcadio the Palentonga Warper began the quest for the Orb.
     0 | D:1      | Reached XP level 1. HP: 18/18 MP: 3/3
   129 | D:1      | Reached skill level 1 in Armour
   298 | D:1      | Reached XP level 2. HP: 16/25 MP: 5/5
  1548 | D:2      | Reached XP level 3. HP: 21/31 MP: 6/6
  1893 | D:2      | Found a glowing golden altar of the Shining One.
  2145 | D:2      | Noticed Jessica
  2147 | D:2      | Noticed Robin
  2154 | D:2      | Killed from afar by Jessica

Illustrated notes

Levels and vault maps discovered:
D:1:      lemuel_arrival_behind_the_door_small, layout_basic, minmay_ruptured
D:2:      layout_basic, marbit_many_paths, nicolae_overflow_crystal_walls,
          uniq_jessica, uniq_crazy_yiuf_cottage, uniq_robin

Skill      XL: |  1  2 |
---------------+-------+-----
Armour         | 1 |  1.4
Dodging        | 2 |  2.0
Fighting       | |  2.0
Short Blades   | |  2.5
Throwing       | |  0.6
Spellcasting   | |  2.0
Translocations | |  3.4

Action                   || total
-------------------------++-------
Melee: Short sword       ||   145
       Tailslap          ||    15
 Abil: Rolling Charge    ||     2
Armor: Leather armour    ||    42
Dodge: Dodged            ||    47
